 Dungeon Crawl Stone Soup version 0.22-a0-422-g9628fc8 (webtiles) character file.

1956 Falco the Ruffian (level 8, -4/62 HPs)
             Began as a Black Draconian Transmuter on May 22, 2018.
             Killed from afar by a gargoyle (19 damage)
             ... with a stone arrow
             ... on level 7 of the Dungeon.
             The game lasted 00:54:04 (8681 turns).

Falco the Ruffian (Black Draconian Transmuter)      Turns: 8681, Time: 00:54:05

Health: -4/62      AC:  2    Str: 14    XL:     8   Next: 99%
Magic:  13/15      EV: 22    Int: 14    God:
Gold:   303        SH:  0    Dex: 17    Spells: 6/17 levels left

rFire    . . .     SeeInvis .     - Unarmed
rCold    . . .     Gourm    .   (shield currently unavailable)
rNeg     . . .     Faith    .   (armour unavailable)
rPois    x         Spirit   .   (helmet currently unavailable)
rElec    .         Reflect  .   (cloak currently unavailable)
rCorr    .         Harm     .   (gloves currently unavailable)
MR       +....                  (boots currently unavailable)
Stlth    ++++......             (no amulet)
HPRegen  0.20/turn              g - ring of protection from magic
MPRegen  0.14/turn              y - ring of stealth

@: lethally poisoned (-4 -> -28), spider-form (expiring)
A: tiny, (breathe lightning), unfitting armour, AC +6
a: End Transformation


You were on level 7 of the Dungeon.
You were not hungry.
You were a venomous arachnid creature.
You visited 1 branch of the dungeon, and saw 7 of its levels.

You collected 303 gold pieces.

Inventory:

Hand Weapons
 b - a +1 mace of crushing
 s - a +2 vampiric short sword
Missiles
 c - a throwing net (quivered)
 t - 51 poisoned needles
Armour
 h - a +0 pair of boots (melded)
 j - a +0 shield
Jewellery
 g - a ring of protection from magic (left front leg)
 v - an uncursed ring of fire
 y - a ring of stealth (right front leg)
Wands
 l - a wand of flame (28)
Scrolls
 d - 2 scrolls of teleportation
 e - a scroll of enchant weapon {unknown}
 f - a scroll of fog {unknown}
 k - 3 scrolls of remove curse
 n - 2 scrolls of random uselessness {unknown}
 o - 2 scrolls of immolation {unknown}
 p - a scroll of enchant armour {unknown}
 w - 2 scrolls of amnesia {unknown}
 x - a scroll of fear {unknown}
 A - a scroll of blinking {unknown}
Potions
 i - 2 potions of brilliance
 m - 2 potions of heal wounds
 q - a potion of flight {unknown}
 r - a potion of lignification {unknown}
 u - 2 potions of degeneration {unknown}
 z - a potion of ambrosia {unknown}
 B - a potion of curing {unknown}
 C - 2 potions of haste
 D - a potion of magic {unknown}
Comestibles
 a - a ration


   Skills:
 + Level 2.4 Fighting
 + Level 4.4 Dodging
 + Level 3.3 Stealth
 + Level 6.9 Unarmed Combat
 + Level 5.0 Spellcasting
 + Level 5.8 Transmutations
 + Level 0.9 Poison Magic
 + Level 0.5 Evocations


You had 6 spell levels left.
You knew the following spells:

 Your Spells              Type           Power        Failure   Level  Hunger
a - Beastly Appendage     Tmut           ###...       7%          1    None
b - Sticks to Snakes      Tmut           ###.....     9%          2    ##.....
c - Spider Form           Tmut/Pois      ##........   30%         3    ###....
d - Blade Hands           Tmut           ###.......   63%         5    ######.

Your spell library contained the following spells:

 Spells                   Type           Power        Failure   Level  Hunger
 Magic Dart               Conj           #...         36%         1    None
 Conjure Flame            Conj/Fire      #.......     67%         3    ###....
 Slow                     Hex            #.......     47%         2    ##.....
 Throw Frost              Conj/Ice       #.....       47%         2    ##.....
 Mephitic Cloud           Conj/Pois/Air  #.......     63%         3    ###....
 Blink                    Tloc           N/A          47%         2    ##.....
 Animate Dead             Necr           N/A          95%         4    ####...
 Pain                     Necr           #...         36%         1    None
 Animate Skeleton         Necr           N/A          36%         1    None
 Vampiric Draining        Necr           #.........   67%         3    ###....
 Freeze                   Ice            #...         36%         1    None
 Summon Ice Beast         Ice/Summ       #.......     95%         4    ####...
 Ozocubu's Armour         Chrm/Ice       #.......     67%         3    ###....
 Call Imp                 Summ           #.......     47%         2    ##.....
 Regeneration             Chrm/Necr      #.........   67%         3    ###....
 Ice Form                 Ice/Tmut       ##......     67%         4    ####...
 Throw Icicle             Conj/Ice       #.......     95%         4    ####...


Dungeon Overview and Level Annotations

Branches:
Dungeon (7/15)
 Temple: D:4-7

Altars:
Hepliaklqana

Shops:
D:4 (


Innate Abilities, Weirdness & Mutations

((You can breathe wild blasts of lightning.))
((Your glossy black scales are hard. (AC +6)))
You cannot fit into any form of body armour.
((You are resistant to electric shocks. (rElec)))
((You are cold-blooded and may be slowed by cold attacks.))


Message History

The gargoyle is heavily damaged.
You feel very sick. The gargoyle misses you.
The orc hits you from afar with a trident.
You feel very sick.
You feel very sick.
You feel very sick.
Things that are here:
a short sword; a kobold corpse You feel very sick.
You see here a stone.
* * * LOW HITPOINT WARNING * * *
You feel sick.
The gargoyle hurls a stone arrow at you.
The stone arrow misses you.
* * * LOW HITPOINT WARNING * * *
You feel sick.
The gargoyle hurls a stone arrow at you.
The stone arrow hits you!
You die...

#.# #.# .## ... #.#
#..# #.## #.###..#
#
.[##.##......##.###
.................#
............##...##
....####.#..# .....
............##...#
..#.####..s......#
.. ####......#
#(.###.# #9o# #..#
#..# #((# #)(......
#..##....


You could see a gargoyle and an orc.

Vanquished Creatures
  Duvessa (D:4)
  An orc warrior (D:6)
  An ice beast (D:5)
  A phantom (D:6)
  A centaur (D:6)
  A big kobold (D:7)
  Dowan (D:4)
  A scorpion (D:5)
  A howler monkey (D:3)
  The ghost of Timofdoom the Charmwright, a weakling HaSk (D:3)
  3 crimson imps
  A quasit (D:5)
  2 jellies (D:5)
  A centaur skeleton (D:6)
  A hound (D:4)
  3 orc priests
  4 orc wizards
  2 bullfrog skeletons
  Ijyb (D:3)
  Jessica (D:2)
  Natasha (thrice) (D:2)
  An iguana (D:5)
  4 worker ants
  8 gnolls
  4 adders
  4 oozes
  An adder skeleton (D:5)
  3 dart slugs
  6 leopard geckos
  14 orcs
  6 giant cockroaches
  3 goblins
  10 hobgoblins
  5 jackals
  9 bats
  9 kobolds
  A quokka zombie (D:6)
  4 rats
124 creatures vanquished.

Vanquished Creatures (collateral kills)
  Grinder (D:3)
  Sigmund (D:5)
  A shadow imp (D:5)
  A worm (D:4)
  A leopard gecko (D:4)
  6 orcs
  A bat (D:2)
  A quokka (D:4)
  A quokka skeleton (D:4)
14 creatures vanquished.

Grand Total: 138 creatures vanquished

Notes
Turn   | Place    | Note
-------+----------+-------------------------------------------
     0 | D:1      | Falco the Draconian Transmuter began the quest for the Orb.
     0 | D:1      | Reached XP level 1. HP: 16/16 MP: 3/3
    53 | D:1      | Reached XP level 2. HP: 21/23 MP: 3/5
    57 | D:1      | Learned a level 2 spell: Sticks to Snakes
   578 | D:1      | Reached XP level 3. HP: 28/28 MP: 4/6
  1443 | D:2      | Reached XP level 4. HP: 35/35 MP: 7/7
  1448 | D:2      | Learned a level 3 spell: Spider Form
  1604 | D:2      | Noticed Natasha
  1615 | D:2      | Killed Natasha
  1632 | D:2      | Noticed Jessica
  1640 | D:2      | Killed Jessica
  1640 | D:2      | Reached skill level 4 in Unarmed Combat
  2414 | D:2      | Noticed Natasha
  2419 | D:2      | Reached XP level 5. HP: 40/40 MP: 0/8
  2430 | D:2      | Killed Natasha
  2445 | D:2      | Noticed Natasha
  2454 | D:2      | Killed Natasha
  2454 | D:2      | Reached skill level 1 in Stealth
  2887 | D:3      | Noticed Grinder
  2892 | D:3      | Paralysed by Grinder for 2 turns
  2897 | D:3      | Paralysed by Grinder for 2 turns
  2921 | D:3      | Killed Grinder
  2921 | D:3      | Reached XP level 6. HP: 21/47 MP: 1/10
  3101 | D:3      | Noticed Timofdoom's ghost (weakling HaSk)
  3137 | D:3      | Killed Timofdoom's ghost
  3479 | D:3      | Noticed Ijyb
  3496 | D:3      | Killed Ijyb
  3496 | D:3      | Reached skill level 5 in Unarmed Combat
  3820 | D:3      | Learned a level 5 spell: Blade Hands
  3881 | D:4      | Your scales start taking on a glossy black colour.
  3881 | D:4      | Reached XP level 7. HP: 46/52 MP: 2/11
  3881 | D:4      | Gained mutation: You are resistant to electric shocks. (rElec) [Black Draconian growth]
  4137 | D:4      | Noticed Duvessa
  4147 | D:4      | Killed Duvessa
  4164 | D:4      | HP: 2/52 [bounced beam (4)]
  4177 | D:4      | Noticed Dowan
  4632 | D:4      | Killed Dowan
  5014 | D:4      | Found Moxtur's Antique Weapon Shop.
  5326 | D:5      | Entered Level 5 of the Dungeon
  5333 | D:5      | Noticed Sigmund
  5345 | D:5      | Killed Sigmund
  5440 | D:5      | Reached XP level 8. HP: 35/59 MP: 9/14
  5700 | D:5      | Found a hazy altar of Hepliaklqana.
  5798 | D:5      | Reached skill level 6 in Unarmed Combat
  5798 | D:5      | Reached skill level 5 in Transmutations
  6172 | D:5      | use your BREATH haha
  8328 | D:6      | Reached skill level 5 in Spellcasting
  8662 | D:7      | Noticed a gargoyle
  8681 | D:7      | Killed from afar by a gargoyle

Vault maps used:
D:1:      lightli_arrival_maybe_door_vault
D:2:      uniq_jessica, uniq_natasha
D:3:      first_ration, feat_on_display, uniq_grinder, uniq_ijyb
D:4:      serial_shops, shop, minmay_misc_feat_ornament,
          kennysheep_small_circle, uniq_duvessa
D:5:      nicolae_tso_swordbearing_angel, basic_altar, nicolae_sextant,
          roderic_lattice_a, uniq_sigmund
D:6:      corexii_leaking_fountain, minivault_27
D:7:      minmay_temple_entry_hall

Skill      XL: |  1  2  3  4  5  6  7  8 |
---------------+-------------------------+-----
Dodging        | 2 3 4 |  4.4
Unarmed Combat | 4 5 6 |  6.9
Transmutations | 3 4 5 |  5.8
Stealth        | 2 3 |  3.3
Spellcasting   | 3 4 5 |  5.0
Fighting       | 2 |  2.4
Poison Magic   | |  0.9
Evocations     | |  0.5

Action                   |  1- 3 |  4- 6 |  7- 9 || total
-------------------------+-------+-------+-------++-------
Melee: Unarmed           |   131 |   170 |   219 ||   520
       Kick              |    11 |     2 |       ||    13
       Tailslap          |     7 |    16 |    18 ||    41
       Headbutt          |     4 |     7 |    12 ||    23
       Punch             |     1 |     4 |     5 ||    10
 Cast: Beastly Appendage |    14 |    16 |    13 ||    43
       Sticks to Snakes  |       |    22 |    30 ||    52
       Spider Form       |       |     3 |    10 ||    13
       Blade Hands       |       |       |     1 ||     1
 Abil: Breathe Lightning |       |       |    10 ||    10
Evoke: Wand              |       |       |    11 ||    11
  Use: Scroll            |       |     4 |     3 ||     7
       Potion            |       |       |     1 ||     1
 Stab: Sleeping          |     1 |     1 |     3 ||     5
       Distracted        |       |       |     1 ||     1
  Eat: Ration            |     1 |     3 |     6 ||    10
Armor: Skin              |    49 |    63 |    72 ||   184
Dodge: Dodged            |    87 |   118 |   193 ||   398

Table legend:
 A = Spawn XP
 B = Non-spawn XP
 C = Spawn XP percentage of total XP
 D = Spawn monster count
 E = Non-spawn monster count
 F = Spawn count percentage of total count
 G = Total turns spent on level
                    A         B        C        D         E        F      G
               +---------+---------+-------+---------+---------+-------+---------
         Total |       0 |    2795 |   0.0 |       0 |     138 |   0.0 |  8681
               +---------+---------+-------+---------+---------+-------+---------
           D:1 |       0 |      66 |   0.0 |       0 |      25 |   0.0 |  1201
           D:2 |       0 |     204 |   0.0 |       0 |      24 |   0.0 |  1614
           D:3 |       0 |     436 |   0.0 |       0 |      15 |   0.0 |  1006
           D:4 |       0 |     558 |   0.0 |       0 |      21 |   0.0 |  1505
           D:5 |       0 |     522 |   0.0 |       0 |      12 |   0.0 |  1585
           D:6 |       0 |     907 |   0.0 |       0 |      33 |   0.0 |  1715
           D:7 |       0 |     102 |   0.0 |       0 |       8 |   0.0 |    55
               +---------+---------+-------+---------+---------+-------+---------
